APP
TEXAS (APP) RANGERS @ SEATTLE (APP) MARINERS
09/07/2044
 
TOP OF THE 1ST
Texas (APP) Rangers batting - Pitching for Seattle (APP) Mariners : RHP Josh Newell
Pitching: RHP Josh Newell
Batting: LHB Walter Vegter 0-0: Called Strike
0-1: Ball
1-1: Ball
2-1: Fly out, F8 (Flyball, 8LS, EV 89.4 MPH)
Batting: RHB David Redman 0-0: Swinging Strike
0-1: Ball
1-1: Ball
2-1: Foul Ball, location: 2F
2-2: Fly out, F7 (Flyball, 7LS, EV 87.5 MPH)
Batting: RHB Robby Adair 0-0: Swinging Strike
0-1: Foul Ball, location: 2F
0-2: Strikes out swinging
Top of the 1st over - 0 runs, 0 hits, 0 errors, 0 left on base; Texas (APP) 0 - Seattle (APP) 0
BOTTOM OF THE 1ST
Seattle (APP) Mariners batting - Pitching for Texas (APP) Rangers : LHP Jose Cepero
Pitching: LHP Jose Cepero
Batting: SHB Tony Morales 0-0: Ball
1-0: Foul Ball, location: 2F
1-1: Ground out 3-1 (Groundball, 34, EV 76.3 MPH)
Batting: RHB Ivan Davila 0-0: Foul Ball, location: 2F
0-1: Ball
1-1: Called Strike
1-2: Ball
2-2: Foul Ball, location: 2F
2-2: Strikes out swinging
Batting: LHB Omar Colunga 0-0: Called Strike
0-1: Foul Ball, location: 2F
0-2: Ball
1-2: Ball
2-2: Ball
3-2: Fly out, F8 (Line Drive, 8RM, EV 86.3 MPH)
Bottom of the 1st over - 0 runs, 0 hits, 0 errors, 0 left on base; Texas (APP) 0 - Seattle (APP) 0
TOP OF THE 2ND
Texas (APP) Rangers batting - Pitching for Seattle (APP) Mariners : RHP Josh Newell
Batting: RHB Ryan Pastore 0-0: SOLO HOME RUN (Flyball, 9LD, EV 95.6 MPH), Distance : 345 ft
Batting: RHB Shawn Weber 0-0: Ball
1-0: Called Strike
1-1: Ball
2-1: Called Strike
2-2: Ground out 3-1 (Groundball, 34S, EV 85.6 MPH)
Batting: RHB Jay De Angelis 0-0: Foul Ball, location: 2F
0-1: SOLO HOME RUN (Flyball, 7D, EV 97.5 MPH), Distance : 361 ft
Batting: RHB Matt Silva 0-0: Called Strike
0-1: Ball
1-1: Foul Ball, location: 2F
1-2: Ground out 6-3 (Groundball, 6, EV 98.1 MPH)
Batting: RHB Alex Lopez 0-0: Foul Ball, location: 2F
0-1: Swinging Strike
0-2: Foul Ball, location: 2F
0-2: Ball
1-2: Foul Ball, location: 2F
1-2: Ball
2-2: Ground out 4-3 (Groundball, 34, EV 80.0 MPH)
Top of the 2nd over - 2 runs, 2 hits, 0 errors, 0 left on base; Texas (APP) 2 - Seattle (APP) 0
BOTTOM OF THE 2ND
Seattle (APP) Mariners batting - Pitching for Texas (APP) Rangers : LHP Jose Cepero
Batting: RHB Tze-meng Li 0-0: Called Strike
0-1: Ground out 5-3 (Groundball, 56, EV 80.0 MPH)
Batting: RHB Tomokazu Sugimoto 0-0: DOUBLE (Line Drive, 7LM, EV 103.8 MPH)
Batting: RHB Victor Rosas 0-0: Ball
1-0: Ball
2-0: Called Strike
2-1: Foul Ball, location: 2F
2-2: Fly out, F8 (Flyball, 8RXD, EV 87.5 MPH)
Runner from 2nd tags up, SAFE at 3rd, no throw by CF
Batting: RHB John Vasquez 0-0: Ground out 6-3 (Groundball, 6M, EV 76.9 MPH)
Bottom of the 2nd over - 0 runs, 1 hit, 0 errors, 1 left on base; Texas (APP) 2 - Seattle (APP) 0
TOP OF THE 3RD
Texas (APP) Rangers batting - Pitching for Seattle (APP) Mariners : RHP Josh Newell
Batting: RHB Rafael Tapia 0-0: Ball
1-0: Bunt missed!
1-1: Swinging Strike
1-2: Foul Ball, location: 2F
1-2: Strikes out swinging
Batting: LHB Walter Vegter 0-0: Ball
1-0: Called Strike
1-1: Ball
2-1: SOLO HOME RUN (Flyball, 78XD, EV 105.6 MPH), Distance : 413 ft
Batting: RHB David Redman 0-0: Ball
1-0: Ball
2-0: Ball
3-0: Base on Balls
Batting: RHB Robby Adair 0-0: Foul Ball, location: 2F
0-1: Called Strike
0-2: Foul Ball, location: 2F
0-2: Ball
1-2: Ball
2-2: Fly out, F9 (Flyball, 9D, EV 84.4 MPH)
Batting: RHB Ryan Pastore 0-0: DOUBLE (Line Drive, 9LM, EV 104.4 MPH)
David Redman to third
Batting: RHB Shawn Weber 0-0: Ball
1-0: Fly out, F9 (Flyball, 9LS, EV 79.4 MPH)
Top of the 3rd over - 1 run, 2 hits, 0 errors, 2 left on base; Texas (APP) 3 - Seattle (APP) 0
BOTTOM OF THE 3RD
Seattle (APP) Mariners batting - Pitching for Texas (APP) Rangers : LHP Jose Cepero
Batting: LHB Chang Huie 0-0: Swinging Strike
0-1: Foul Ball, location: 2F
0-2: Ball
1-2: Ground out 4-3 (Groundball, 4, EV 85.0 MPH)
Batting: RHB Omar Solis 0-0: Ball
1-0: Ball
2-0: Called Strike
2-1: Foul Ball, location: 2F
2-2: Ball
3-2: Ground out 6-3 (Groundball, 6, EV 81.9 MPH)
Batting: SHB Tony Morales 0-0: Called Strike
0-1: Foul Ball, location: 2F
0-2: Foul Ball, location: 2F
0-2: Foul Ball, location: 2F
0-2: Strikes out swinging
Bottom of the 3rd over - 0 runs, 0 hits, 0 errors, 0 left on base; Texas (APP) 3 - Seattle (APP) 0
TOP OF THE 4TH
Texas (APP) Rangers batting - Pitching for Seattle (APP) Mariners : RHP Josh Newell
Batting: RHB Jay De Angelis 0-0: Ball
1-0: Ball
2-0: Called Strike
2-1: Foul Ball, location: 2F
2-2: Ground out 6-3 (Groundball, 6S, EV 90.0 MPH)
Batting: RHB Matt Silva 0-0: Ball
1-0: Foul Ball, location: 2F
1-1: Foul Ball, location: 2F
1-2: Ground out 4-3 (Groundball, 4, EV 103.1 MPH)
Batting: RHB Alex Lopez 0-0: Called Strike
0-1: SINGLE (Line Drive, 8LS, EV 96.3 MPH)
Batting: RHB Rafael Tapia 0-0: Ball
Alex Lopez steals 2nd base
1-0: SINGLE (Flyball, 9S, EV 88.1 MPH)
Alex Lopez to third
Runner from 3rd tries for Home, SAFE, throw by RF to home
Batting: LHB Walter Vegter 0-0: Ball
1-0: Ball
2-0: Foul Ball, location: 2F
2-1: Foul Ball, location: 2F
2-2: Foul Ball, location: 2F
2-2: Ball
Rafael Tapia steals 2nd base
3-2: Foul Ball, location: 2F
3-2: SINGLE (Groundball, 34S, EV 73.1 MPH) (infield hit)
Rafael Tapia to third
Batting: RHB David Redman 0-0: Fly out, F7 (Line Drive, 7, EV 104.4 MPH)
Top of the 4th over - 1 run, 3 hits, 0 errors, 2 left on base; Texas (APP) 4 - Seattle (APP) 0
BOTTOM OF THE 4TH
Seattle (APP) Mariners batting - Pitching for Texas (APP) Rangers : LHP Jose Cepero
Batting: RHB Ivan Davila 0-0: Foul Ball, location: 2F
0-1: Foul Ball, location: 2F
0-2: Strikes out swinging
Batting: LHB Omar Colunga 0-0: Called Strike
0-1: Foul Ball, location: 2F
0-2: Ball
1-2: Ball
2-2: DOUBLE (Line Drive, 78XD, EV 111.3 MPH)
Batting: RHB Tze-meng Li 0-0: Ground out 5-3 (Groundball, 56S, EV 86.3 MPH)
Batting: RHB Tomokazu Sugimoto 0-0: Ground out 5-3 (Groundball, 5L, EV 101.3 MPH)
Bottom of the 4th over - 0 runs, 1 hit, 0 errors, 1 left on base; Texas (APP) 4 - Seattle (APP) 0
TOP OF THE 5TH
Texas (APP) Rangers batting - Pitching for Seattle (APP) Mariners : RHP Josh Newell
Pitching: RHP Jose Rios
Batting: RHB Robby Adair 0-0: Foul Ball, location: 2F
0-1: Ground out 1-3 (Groundball, 13S, EV 68.8 MPH)
Batting: RHB Ryan Pastore 0-0: Swinging Strike
0-1: SINGLE (Groundball, 6D, EV 97.5 MPH)
Batting: RHB Shawn Weber 0-0: Called Strike
0-1: Called Strike
0-2: Fly out, F8 (Flyball, 8LS, EV 91.3 MPH)
Batting: RHB Jay De Angelis 0-0: Ball
1-0: Called Strike
1-1: Called Strike
1-2: SINGLE (Groundball, 5S, EV 65.6 MPH) (infield hit)
Ryan Pastore to second
Batting: RHB Matt Silva 0-0: Ball
1-0: Foul Ball, location: 2F
1-1: Ball
2-1: Ball
3-1: Fly out, F7 (Flyball, 78S, EV 86.9 MPH)
Top of the 5th over - 0 runs, 2 hits, 0 errors, 2 left on base; Texas (APP) 4 - Seattle (APP) 0
BOTTOM OF THE 5TH
Seattle (APP) Mariners batting - Pitching for Texas (APP) Rangers : LHP Jose Cepero
Batting: RHB Victor Rosas 0-0: Ball
1-0: Swinging Strike
1-1: Ball
2-1: Swinging Strike
2-2: Ball
3-2: Base on Balls
Batting: RHB John Vasquez 0-0: Called Strike
0-1: Fielders Choice at 2nd, 4-6 (Groundball, 4D, EV 76.9 MPH)
Batting: LHB Chang Huie 0-0: Ball
1-0: Foul Ball, location: 2F
1-1: Called Strike
1-2: Ball
2-2: Strikes out swinging
Batting: RHB Omar Solis 0-0: Ball
1-0: Swinging Strike
1-1: Swinging Strike
1-2: Strikes out swinging
Bottom of the 5th over - 0 runs, 0 hits, 0 errors, 1 left on base; Texas (APP) 4 - Seattle (APP) 0
TOP OF THE 6TH
Texas (APP) Rangers batting - Pitching for Seattle (APP) Mariners : RHP Jose Rios
Batting: RHB Alex Lopez 0-0: Swinging Strike
0-1: Ball
1-1: Called Strike
1-2: Ball
2-2: Strikes out swinging wild pitch, reaches first!
Batting: RHB Rafael Tapia 0-0: Foul Ball, location: 2F
0-1: Foul Ball, location: 2F
0-2: Fielders Choice at 2nd, 5-4 (Groundball, 56, EV 85.6 MPH)
Batting: LHB Walter Vegter 0-0: Ball
Rafael Tapia is caught stealing 2nd base 2-6
1-0: Ball
2-0: Foul Ball, location: 2F
2-1: Foul Ball, location: 2F
2-2: Foul Ball, location: 2F
2-2: Foul Ball, location: 2F
2-2: Ball
3-2: Base on Balls
Batting: RHB David Redman 0-0: Called Strike
Walter Vegter steals 2nd base
0-1: Ball
1-1: Foul Ball, location: 2F
1-2: SINGLE (Groundball, 13S, EV 63.8 MPH) (infield hit)
Walter Vegter to third
Batting: RHB Robby Adair Pickoff Throw to First - Out! 1-3
Top of the 6th over - 0 runs, 1 hit, 0 errors, 1 left on base; Texas (APP) 4 - Seattle (APP) 0
BOTTOM OF THE 6TH
Seattle (APP) Mariners batting - Pitching for Texas (APP) Rangers : LHP Jose Cepero
Batting: SHB Tony Morales 0-0: Ball
1-0: Foul Ball, location: 2F
1-1: Called Strike
1-2: Ball
2-2: Foul Ball, location: 2F
2-2: Strikes out swinging
Batting: RHB Ivan Davila 0-0: Ball
1-0: Called Strike
1-1: SINGLE (Groundball, 6MD, EV 103.1 MPH)
Batting: LHB Omar Colunga 0-0: Grounds out, U3 (Groundball, 3L, EV 86.3 MPH)
Batting: RHB Tze-meng Li 0-0: SINGLE (Groundball, 5D, EV 103.1 MPH)
Ivan Davila to third
Batting: RHB Tomokazu Sugimoto 0-0: Ball
1-0: Reached on error, E5 (Groundball, 56, EV 87.5 MPH)
Ivan Davila scores
Tze-meng Li to second
Batting: RHB Victor Rosas 0-0: Called Strike
0-1: Swinging Strike
0-2: Ball
1-2: Ball
2-2: Ball
3-2: Single, Error in OF, E9, batter to second base (Line Drive, 9S, EV 100.0 MPH)
Tze-meng Li scores
Tomokazu Sugimoto to third
Batting: RHB John Vasquez 0-0: Called Strike
0-1: Fly out, F8 (Flyball, 8LXD, EV 92.5 MPH)
Bottom of the 6th over - 2 runs, 3 hits, 2 errors, 2 left on base; Texas (APP) 4 - Seattle (APP) 2
TOP OF THE 7TH
Texas (APP) Rangers batting - Pitching for Seattle (APP) Mariners : RHP Jose Rios
Pitching: RHP Ke-yong Khoo
Batting: RHB Robby Adair 0-0: Swinging Strike
0-1: Called Strike
0-2: Ball
1-2: SINGLE (Line Drive, 34D, EV 111.9 MPH)
Batting: RHB Ryan Pastore 0-0: Fly out, F7 (Line Drive, 7, EV 93.1 MPH)
Batting: RHB Shawn Weber 0-0: Ball
1-0: Ball
2-0: Called Strike
2-1: Ball
Wild Pitch!
Robby Adair to second
3-1: Fly out, F8 (Line Drive, 8RM, EV 83.1 MPH)
Batting: RHB Jay De Angelis 0-0: Called Strike
0-1: Foul Ball, location: 2F
0-2: Foul Ball, location: 2F
0-2: Foul Ball, location: 2F
0-2: Ball
1-2: Ball
2-2: Foul Ball, location: 2F
2-2: Fly out, F9 (Flyball, 9, EV 94.4 MPH)
Top of the 7th over - 0 runs, 1 hit, 0 errors, 1 left on base; Texas (APP) 4 - Seattle (APP) 2
BOTTOM OF THE 7TH
Seattle (APP) Mariners batting - Pitching for Texas (APP) Rangers : LHP Jose Cepero
Batting: LHB Chang Huie 0-0: Foul Ball, location: 2F
0-1: Foul Ball, location: 2F
0-2: Strikes out looking
Pitching: RHP Logan Dietz
Batting: RHB Omar Solis 0-0: Foul Ball, location: 2F
0-1: Ball
1-1: Foul Ball, location: 2F
1-2: Ball
2-2: Ground out 5-3 (Groundball, 5L, EV 86.3 MPH)
Batting: SHB Tony Morales 0-0: Called Strike
0-1: Ball
1-1: Foul Ball, location: 2F
1-2: Ball
2-2: Strikes out swinging
Bottom of the 7th over - 0 runs, 0 hits, 0 errors, 0 left on base; Texas (APP) 4 - Seattle (APP) 2
TOP OF THE 8TH
Texas (APP) Rangers batting - Pitching for Seattle (APP) Mariners : RHP Ke-yong Khoo
Pitching: RHP Jace Daniels
Batting: RHB Matt Silva 0-0: Ball
1-0: Ball
2-0: Ball
3-0: Called Strike
3-1: Called Strike
3-2: SINGLE (Groundball, 6D, EV 98.8 MPH)
Batting: RHB Alex Lopez 0-0: Bunted foul
0-1: Sac Bunt to 13 - play at first, batter OUT! 1-4
Matt Silva to second
Batting: RHB Rafael Tapia 0-0: Called Strike
0-1: Ball
1-1: Ball
Wild Pitch!
Matt Silva to third
2-1: Ball
3-1: SINGLE (Flyball, 8LS, EV 92.5 MPH)
Matt Silva scores
Batting: LHB Walter Vegter 0-0: Ball
1-0: Foul Ball, location: 2F
1-1: 2-RUN HOME RUN (Flyball, 9LD, EV 92.5 MPH), Distance : 340 ft
Pitching: LHP Mitch Lewis
Batting: RHB David Redman 0-0: Foul Ball, location: 2F
0-1: Ball
1-1: Called Strike
1-2: Ball
2-2: Foul Ball, location: 2F
2-2: Ball
3-2: Strikes out swinging
Batting: RHB Robby Adair 0-0: SOLO HOME RUN (Flyball, 7D, EV 96.3 MPH), Distance : 374 ft
Batting: RHB Ryan Pastore 0-0: Ball
1-0: Swinging Strike
1-1: Ball
2-1: DOUBLE (Line Drive, 78D, EV 111.9 MPH)
Batting: RHB Shawn Weber 0-0: Foul Ball, location: 2F
0-1: Swinging Strike
0-2: Ball
1-2: Strikes out swinging
Top of the 8th over - 4 runs, 5 hits, 0 errors, 1 left on base; Texas (APP) 8 - Seattle (APP) 2
BOTTOM OF THE 8TH
Seattle (APP) Mariners batting - Pitching for Texas (APP) Rangers : RHP Logan Dietz
Batting: RHB Ivan Davila 0-0: Ball
1-0: Foul Ball, location: 2F
1-1: Swinging Strike
1-2: Foul Ball, location: 2F
1-2: Ball
2-2: Strikes out swinging
Batting: LHB Omar Colunga 0-0: Ground out 5-3 (Groundball, 6, EV 83.1 MPH)
Batting: RHB Tze-meng Li 0-0: Called Strike
0-1: Swinging Strike
0-2: Strikes out looking
Bottom of the 8th over - 0 runs, 0 hits, 0 errors, 0 left on base; Texas (APP) 8 - Seattle (APP) 2
TOP OF THE 9TH
Texas (APP) Rangers batting - Pitching for Seattle (APP) Mariners : LHP Mitch Lewis
Batting: RHB Jay De Angelis 0-0: Called Strike
0-1: Swinging Strike
0-2: Foul Ball, location: 2F
0-2: Foul Ball, location: 2F
0-2: Ball
1-2: Foul Ball, location: 2F
1-2: SOLO HOME RUN (Flyball, 89XD, EV 109.4 MPH), Distance : 413 ft
Pinch Hitting: LHB Steven Frederick 0-0: Ball
1-0: Ball
2-0: Ball
3-0: Base on Balls
Batting: RHB Alex Lopez 0-0: Ball
1-0: Foul Ball, location: 2F
1-1: Ball
2-1: Foul Ball, location: 2F
2-2: Strikes out swinging
Pitching: LHP Ed Gilroy
Batting: RHB Rafael Tapia 0-0: Foul Ball, location: 2F
0-1: Ball
Steven Frederick steals 2nd base
1-1: DOUBLE (Flyball, 9LD, EV 100.0 MPH)
Steven Frederick scores
Batting: LHB Walter Vegter 0-0: 2-RUN HOME RUN (Flyball, 89XD, EV 103.1 MPH), Distance : 392 ft
Batting: RHB David Redman 0-0: Ball
1-0: Ball
2-0: Called Strike
2-1: Swinging Strike
2-2: Strikes out swinging
Batting: RHB Robby Adair 0-0: Swinging Strike
0-1: Called Strike
0-2: Ball
1-2: Strikes out swinging
Top of the 9th over - 4 runs, 3 hits, 0 errors, 0 left on base; Texas (APP) 12 - Seattle (APP) 2
BOTTOM OF THE 9TH
Seattle (APP) Mariners batting - Pitching for Texas (APP) Rangers : RHP Logan Dietz
Now in RF: Steven Frederick
Batting: RHB Tomokazu Sugimoto 0-0: Ball
1-0: Ball
2-0: Ball
3-0: Called Strike
3-1: SINGLE (Groundball, 56S, EV 73.1 MPH) (infield hit)
Pitching: RHP Manny Campos
Pinch Hitting: SHB Garrett McKenna 0-0: Ball
1-0: Ball
2-0: Ball
3-0: Called Strike
3-1: Swinging Strike
3-2: Fly out, F8 (Line Drive, 8RD, EV 95.6 MPH)
Pinch Hitting: SHB Carlos Luna 0-0: Called Strike
0-1: Ball
1-1: Fly out, F8 (Flyball, 8RD, EV 106.3 MPH)
Batting: LHB Chang Huie 0-0: Called Strike
0-1: Ground out U3 (Groundball, 3S, EV 82.5 MPH)
Bottom of the 9th over - 0 runs, 1 hit, 0 errors, 1 left on base; Texas (APP) 12 - Seattle (APP) 2
Thursday, March 31st , 2022 - OOTP Baseball 22.12 Build 89